| TOP OF THE 1ST |
|
Quad Cities River Bandits batting - Pitching for Clinton LumberKings : RHP Chris Julien
|
|
Pitching: RHP Chris Julien
|
|
|
Batting: LHB Kelvin Jones
|
0-0: Ball 1-0: Foul Ball, location: 2F 1-1: Swinging Strike 1-2: Ball 2-2: Foul Ball, location: 2F 2-2: Ball 3-2: Base on Balls
|
|
Batting: RHB Matt Parker
|
0-0: TRIPLE (Flyball, 78XD, EV 88.8 MPH) Kelvin Jones scores
|
|
Batting: SHB Paskar Adegoke
|
0-0: Ball 1-0: Ball 2-0: Ball 3-0: Swinging Strike 3-1: Foul Ball, location: 2F 3-2: Strikes out looking
|
|
Batting: RHB Jamie Jennings
|
0-0: Swinging Strike 0-1: SINGLE (Flyball, 6D, EV 90.6 MPH) Matt Parker scores
|
|
Batting: RHB Joe Cook
|
0-0: Called Strike 0-1: Foul Ball, location: 2F 0-2: Foul Ball, location: 2F 0-2: Ball 1-2: Strikes out swinging
|
|
Batting: RHB Colin Cranford
|
0-0: Called Strike 0-1: Foul Ball, location: 2F 0-2: 2-RUN HOME RUN (Line Drive, 7LD, EV 98.8 MPH), Distance : 359 ft
|
|
Batting: LHB Jon Pope
|
0-0: Ball 1-0: Ball 2-0: Called Strike 2-1: Ball 3-1: Ground out 6-3 (Groundball, 6M, EV 91.9 MPH)
|
| Top of the 1st over - 4 runs, 3 hits, 0 errors, 0 left on base; Quad Cities 4 - Clinton 0 |
| BOTTOM OF THE 1ST |
|
Clinton LumberKings batting - Pitching for Quad Cities River Bandits : RHP Manny Bonilla
|
|
Pitching: RHP Manny Bonilla
|
|
|
Batting: RHB Josh Mauer
|
0-0: Ball 1-0: Swinging Strike 1-1: Fly out, F9 (Flyball, 9LM, EV 96.9 MPH)
|
|
Batting: RHB Josh Ruhl
|
0-0: Called Strike 0-1: Ball 1-1: Ground out 6-3 (Groundball, 6, EV 85.0 MPH)
|
|
Batting: RHB John Peterson
|
0-0: Foul Ball, location: 2F 0-1: Ball 1-1: Swinging Strike 1-2: Strikes out looking
|
| Bottom of the 1st over - 0 runs, 0 hits, 0 errors, 0 left on base; Quad Cities 4 - Clinton 0 |
| TOP OF THE 2ND |
|
Quad Cities River Bandits batting - Pitching for Clinton LumberKings : RHP Chris Julien
|
|
Batting: RHB Mike Henseler
|
0-0: Foul Ball, location: 2F 0-1: Ball 1-1: Ball 2-1: Ball 3-1: Foul Ball, location: 2F 3-2: Base on Balls
|
|
Batting: RHB Steve Moore
|
0-0: Called Strike 0-1: 2-RUN HOME RUN (Flyball, 7LD, EV 93.8 MPH), Distance : 346 ft
|
|
Batting: LHB Kelvin Jones
|
0-0: Foul Ball, location: 2F 0-1: Ball 1-1: SINGLE (Groundball, 6, EV 94.4 MPH)
|
|
Pitching: LHP Ed Gilroy
|
|
|
Batting: RHB Matt Parker
|
0-0: Ball 1-0: Ball 2-0: Foul Ball, location: 2F 2-1: Ball 3-1: Fly out, F7 (Line Drive, 7D, EV 93.8 MPH)
|
|
Batting: SHB Paskar Adegoke
|
0-0: Called Strike Kelvin Jones steals 2nd base 0-1: Ball 1-1: Ball 2-1: Ball 3-1: Base on Balls
|
|
Batting: RHB Jamie Jennings
|
0-0: Reached on error, E3 (Groundball, 3L, EV 88.8 MPH) Kelvin Jones to third Paskar Adegoke to second
|
|
Batting: RHB Joe Cook
|
0-0: Foul Ball, location: 2F 0-1: Called Strike 0-2: Ball 1-2: Strikes out swinging
|
|
Batting: RHB Colin Cranford
|
0-0: Fly out, F8 (Flyball, 89M, EV 90.6 MPH)
|
| Top of the 2nd over - 2 runs, 2 hits, 1 error, 3 left on base; Quad Cities 6 - Clinton 0 |
| BOTTOM OF THE 2ND |
|
Clinton LumberKings batting - Pitching for Quad Cities River Bandits : RHP Manny Bonilla
|
|
Batting: LHB Jawad Fahad
|
0-0: Ball 1-0: Ball 2-0: Called Strike 2-1: Called Strike 2-2: Strikes out swinging
|
|
Batting: LHB Kenny Gerrity
|
0-0: Called Strike 0-1: Ground out 6-3 (Groundball, P, EV 80.6 MPH)
|
|
Batting: SHB Tony Morales
|
0-0: Called Strike 0-1: Foul Ball, location: 2F 0-2: Foul Ball, location: 2F 0-2: Strikes out swinging
|
| Bottom of the 2nd over - 0 runs, 0 hits, 0 errors, 0 left on base; Quad Cities 6 - Clinton 0 |
| TOP OF THE 3RD |
|
Quad Cities River Bandits batting - Pitching for Clinton LumberKings : LHP Ed Gilroy
|
|
Batting: LHB Jon Pope
|
0-0: Ball 1-0: Ball 2-0: Fly out, F5 (Line Drive, 5, EV 66.2 MPH)
|
|
Batting: RHB Mike Henseler
|
0-0: Called Strike 0-1: Ball 1-1: SOLO HOME RUN (Flyball, 7D, EV 97.5 MPH), Distance : 385 ft
|
|
Batting: RHB Steve Moore
|
0-0: Called Strike 0-1: Ball 1-1: Foul Ball, location: 2F 1-2: DOUBLE (Groundball, 5L, EV 103.1 MPH)
|
|
Batting: LHB Kelvin Jones
|
0-0: Swinging Strike 0-1: Foul Ball, location: 2F 0-2: Ball 1-2: Ground out 6-3 (Groundball, 6M, EV 80.0 MPH) Steve Moore to third
|
|
Batting: RHB Matt Parker
|
0-0: Ground out 4-3 (Groundball, 4, EV 86.9 MPH)
|
| Top of the 3rd over - 1 run, 2 hits, 0 errors, 1 left on base; Quad Cities 7 - Clinton 0 |
| BOTTOM OF THE 3RD |
|
Clinton LumberKings batting - Pitching for Quad Cities River Bandits : RHP Manny Bonilla
|
|
Batting: LHB Omar Colunga
|
0-0: Foul Ball, location: 2F 0-1: Ball 1-1: Foul Ball, location: 2F 1-2: Strikes out swinging
|
|
Batting: SHB Raghnall Ahearne
|
0-0: Ball 1-0: Ball 2-0: Ball 3-0: Base on Balls
|
|
Batting: RHB Omar Solis
|
0-0: Ball Raghnall Ahearne steals 2nd base 1-0: Foul Ball, location: 2F 1-1: Foul Ball, location: 2F 1-2: Foul Ball, location: 2F 1-2: Ball 2-2: Strikes out swinging
|
|
Batting: RHB Josh Mauer
|
0-0: Ground out 5-3 (Groundball, 56S, EV 87.5 MPH)
|
| Bottom of the 3rd over - 0 runs, 0 hits, 0 errors, 1 left on base; Quad Cities 7 - Clinton 0 |
| TOP OF THE 4TH |
|
Quad Cities River Bandits batting - Pitching for Clinton LumberKings : LHP Ed Gilroy
|
|
Batting: SHB Paskar Adegoke
|
0-0: Called Strike 0-1: Called Strike 0-2: Strikes out swinging
|
|
Batting: RHB Jamie Jennings
|
0-0: Ball 1-0: Ball 2-0: Ball 3-0: Called Strike 3-1: Swinging Strike 3-2: Strikes out swinging
|
|
Batting: RHB Joe Cook
|
0-0: Ball 1-0: SINGLE (Groundball, 34D, EV 94.4 MPH)
|
|
Batting: RHB Colin Cranford
|
0-0: Ball 1-0: Called Strike 1-1: Ball 2-1: Ball Passed Ball! Joe Cook to second 3-1: Fly out, F8 (Flyball, 8RS, EV 86.2 MPH)
|
| Top of the 4th over - 0 runs, 1 hit, 0 errors, 1 left on base; Quad Cities 7 - Clinton 0 |
| BOTTOM OF THE 4TH |
|
Clinton LumberKings batting - Pitching for Quad Cities River Bandits : RHP Manny Bonilla
|
|
Batting: RHB Josh Ruhl
|
0-0: Ball 1-0: Ball 2-0: Called Strike 2-1: Fly out, F8 (Flyball, 8RS, EV 94.4 MPH)
|
|
Batting: RHB John Peterson
|
0-0: Ball 1-0: SINGLE (Groundball, 4D, EV 106.9 MPH)
|
|
Batting: LHB Jawad Fahad
|
0-0: Ball John Peterson steals 2nd base 1-0: Foul Ball, location: 2F 1-1: SINGLE (Groundball, 6MD, EV 103.1 MPH) John Peterson to third Runner from 3rd tries for Home, SAFE, throw by CF to home
|
|
Batting: LHB Kenny Gerrity
|
0-0: Called Strike 0-1: Called Strike Jawad Fahad steals 2nd base 0-2: Strikes out swinging
|
|
Batting: SHB Tony Morales
|
0-0: Foul Ball, location: 2F 0-1: Swinging Strike 0-2: Foul Ball, location: 2F 0-2: Ball 1-2: Ball 2-2: Strikes out looking
|
| Bottom of the 4th over - 1 run, 2 hits, 0 errors, 1 left on base; Quad Cities 7 - Clinton 1 |
| TOP OF THE 5TH |
|
Quad Cities River Bandits batting - Pitching for Clinton LumberKings : LHP Ed Gilroy
|
|
Batting: LHB Jon Pope
|
0-0: Swinging Strike 0-1: Ball 1-1: Foul Ball, location: 2F 1-2: Ball 2-2: Fly out, F9 (Flyball, 89S, EV 84.4 MPH)
|
|
Batting: RHB Mike Henseler
|
0-0: Ball 1-0: Fly out, F7 (Line Drive, 7D, EV 86.9 MPH)
|
|
Batting: RHB Steve Moore
|
0-0: Called Strike 0-1: Ground out 5-3 (Groundball, 56, EV 78.8 MPH)
|
| Top of the 5th over - 0 runs, 0 hits, 0 errors, 0 left on base; Quad Cities 7 - Clinton 1 |
| BOTTOM OF THE 5TH |
|
Clinton LumberKings batting - Pitching for Quad Cities River Bandits : RHP Manny Bonilla
|
|
Batting: LHB Omar Colunga
|
0-0: Called Strike 0-1: Swinging Strike 0-2: Ball 1-2: Ball 2-2: SINGLE (Groundball, 34D, EV 100.6 MPH)
|
|
Batting: SHB Raghnall Ahearne
|
0-0: Ball Omar Colunga steals 2nd base 1-0: Ball 2-0: Called Strike 2-1: Foul Ball, location: 2F 2-2: Ball 3-2: Base on Balls
|
|
Batting: RHB Omar Solis
|
0-0: Fly out, F7 (Line Drive, 7, EV 91.9 MPH)
|
|
Batting: RHB Josh Mauer
|
0-0: Fielders Choice at 2nd, 6-4 (Groundball, 6, EV 101.9 MPH) Omar Colunga to third
|
|
Batting: RHB Josh Ruhl
|
0-0: Ball 1-0: Ball 2-0: Swinging Strike 2-1: Ball 3-1: Called Strike Josh Mauer steals 2nd base 3-2: Foul Ball, location: 2F 3-2: Strikes out swinging
|
| Bottom of the 5th over - 0 runs, 1 hit, 0 errors, 2 left on base; Quad Cities 7 - Clinton 1 |
| TOP OF THE 6TH |
|
Quad Cities River Bandits batting - Pitching for Clinton LumberKings : LHP Ed Gilroy
|
|
Pitching: RHP Matt Lane
|
|
|
Batting: LHB Kelvin Jones
|
0-0: Ball 1-0: Swinging Strike 1-1: SINGLE (Line Drive, 34D, EV 96.2 MPH)
|
|
Batting: RHB Matt Parker
|
0-0: Called Strike Kelvin Jones steals 2nd base 0-1: Ground out 6-3 (Groundball, P, EV 82.5 MPH) Kelvin Jones to third
|
|
Batting: SHB Paskar Adegoke
|
0-0: Called Strike 0-1: Foul Ball, location: 2F 0-2: Strikes out swinging
|
|
Batting: RHB Jamie Jennings
|
0-0: Ball 1-0: Ground out 6-3 (Groundball, 6MS, EV 88.1 MPH)
|
| Top of the 6th over - 0 runs, 1 hit, 0 errors, 1 left on base; Quad Cities 7 - Clinton 1 |
| BOTTOM OF THE 6TH |
|
Clinton LumberKings batting - Pitching for Quad Cities River Bandits : RHP Manny Bonilla
|
|
Batting: RHB John Peterson
|
0-0: Ball 1-0: Ball 2-0: Called Strike 2-1: Ground out 5-3 (Groundball, 56S, EV 68.1 MPH)
|
|
Batting: LHB Jawad Fahad
|
0-0: SINGLE (Line Drive, 6D, EV 95.0 MPH)
|
|
Batting: LHB Kenny Gerrity
|
0-0: Fielders Choice at 2nd, 6-4 (Groundball, 6, EV 89.4 MPH)
|
|
Pitching: RHP Adam Behrens
|
|
|
Batting: SHB Tony Morales
|
0-0: Ball 1-0: SINGLE (Groundball, 56D, EV 106.2 MPH) Kenny Gerrity to second
|
|
Batting: LHB Omar Colunga
|
0-0: Ground out 3-1 (Groundball, 34, EV 85.0 MPH)
|
| Bottom of the 6th over - 0 runs, 2 hits, 0 errors, 2 left on base; Quad Cities 7 - Clinton 1 |
| TOP OF THE 7TH |
|
Quad Cities River Bandits batting - Pitching for Clinton LumberKings : RHP Matt Lane
|
|
Batting: RHB Joe Cook
|
0-0: Ball 1-0: Swinging Strike 1-1: Ball 2-1: Ground out 3-1 (Groundball, 34, EV 89.4 MPH)
|
|
Batting: RHB Colin Cranford
|
0-0: Swinging Strike 0-1: Foul Ball, location: 2F 0-2: Strikes out swinging
|
|
Batting: LHB Jon Pope
|
0-0: Ball 1-0: Swinging Strike 1-1: Foul Ball, location: 2F 1-2: Ball 2-2: Strikes out swinging
|
| Top of the 7th over - 0 runs, 0 hits, 0 errors, 0 left on base; Quad Cities 7 - Clinton 1 |
| BOTTOM OF THE 7TH |
|
Clinton LumberKings batting - Pitching for Quad Cities River Bandits : RHP Adam Behrens
|
|
Batting: SHB Raghnall Ahearne
|
0-0: Called Strike 0-1: Ball 1-1: Ground out 4-3 (Groundball, 4, EV 85.6 MPH)
|
|
Batting: RHB Omar Solis
|
0-0: Ball 1-0: Foul Ball, location: 2F 1-1: Ball 2-1: Foul Ball, location: 2F 2-2: Ball 3-2: Strikes out looking
|
|
Batting: RHB Josh Mauer
|
0-0: Ball 1-0: Ball 2-0: Called Strike 2-1: Foul Ball, location: 2F 2-2: Ground out U3 (Groundball, 34, EV 80.6 MPH)
|
| Bottom of the 7th over - 0 runs, 0 hits, 0 errors, 0 left on base; Quad Cities 7 - Clinton 1 |
| TOP OF THE 8TH |
|
Quad Cities River Bandits batting - Pitching for Clinton LumberKings : RHP Matt Lane
|
|
Batting: RHB Mike Henseler
|
0-0: Foul Ball, location: 2F 0-1: Called Strike 0-2: Foul Ball, location: 2F 0-2: Ground out 1-3 (Groundball, 34S, EV 69.4 MPH)
|
|
Batting: RHB Steve Moore
|
0-0: Ball 1-0: Swinging Strike 1-1: SOLO HOME RUN (Flyball, 7D, EV 108.8 MPH), Distance : 391 ft
|
|
Pitching: RHP Rob Henry
|
|
|
Pinch Hitting: LHB Vinny Siebecker
|
0-0: Ball 1-0: Ball 2-0: SINGLE (Line Drive, 7S, EV 98.8 MPH)
|
|
Pinch Hitting: SHB Salvador Gomez
|
0-0: Ball Vinny Siebecker steals 2nd, throwing error, E2 Vinny Siebecker to third 1-0: Ground out 4-3 (Groundball, 4, EV 94.4 MPH) Vinny Siebecker scores
|
|
Pinch Hitting: RHB Dan Kurtz
|
0-0: Swinging Strike 0-1: SOLO HOME RUN (Line Drive, 7D, EV 108.8 MPH), Distance : 408 ft
|
|
Pinch Hitting: LHB Jimmy Edlin
|
0-0: Ball 1-0: Swinging Strike 1-1: Swinging Strike 1-2: Strikes out swinging
|
| Top of the 8th over - 3 runs, 3 hits, 1 error, 0 left on base; Quad Cities 10 - Clinton 1 |
| BOTTOM OF THE 8TH |
|
Clinton LumberKings batting - Pitching for Quad Cities River Bandits : RHP Adam Behrens
|
|
Now at 1B: Jimmy Edlin
|
|
|
Now at 2B: Salvador Gomez
|
|
|
Now at 3B: Dan Kurtz
|
|
|
Now in RF: Vinny Siebecker
|
|
|
Batting: RHB Josh Ruhl
|
0-0: Ball 1-0: Swinging Strike 1-1: Ground out 4-3 (Groundball, 34, EV 90.6 MPH)
|
|
Batting: RHB John Peterson
|
0-0: Swinging Strike 0-1: Called Strike 0-2: Foul Ball, location: 2F 0-2: Foul Ball, location: 2F 0-2: SOLO HOME RUN (Flyball, 78XD, EV 103.8 MPH), Distance : 431 ft
|
|
Pinch Hitting: SHB Garrett McKenna
|
0-0: Ball 1-0: SINGLE (Groundball, 6MD, EV 95.0 MPH)
|
|
Batting: LHB Kenny Gerrity
|
0-0: Grounds into double play, 4-6-3 (Groundball, 4, EV 102.5 MPH)
|
| Bottom of the 8th over - 1 run, 2 hits, 0 errors, 0 left on base; Quad Cities 10 - Clinton 2 |
| TOP OF THE 9TH |
|
Quad Cities River Bandits batting - Pitching for Clinton LumberKings : RHP Rob Henry
|
|
Now at 3B: Garrett McKenna
|
|
|
Batting: RHB Joe Cook
|
0-0: Ball 1-0: Foul Ball, location: 2F 1-1: Ball 2-1: Foul Ball, location: 2F 2-2: Strikes out swinging
|
|
Batting: RHB Colin Cranford
|
0-0: Ball 1-0: Ball 2-0: Ball 3-0: Called Strike 3-1: Called Strike 3-2: Strikes out looking
|
|
Batting: LHB Jon Pope
|
0-0: Ball 1-0: Ball 2-0: Called Strike 2-1: Ground out U3 (Groundball, 34, EV 83.8 MPH)
|
| Top of the 9th over - 0 runs, 0 hits, 0 errors, 0 left on base; Quad Cities 10 - Clinton 2 |
| BOTTOM OF THE 9TH |
|
Clinton LumberKings batting - Pitching for Quad Cities River Bandits : RHP Adam Behrens
|
|
Batting: SHB Tony Morales
|
0-0: Ball 1-0: Ball 2-0: Ball 3-0: Called Strike 3-1: Base on Balls
|
|
Batting: LHB Omar Colunga
|
0-0: Swinging Strike 0-1: Called Strike 0-2: Strikes out swinging
|
|
Batting: SHB Raghnall Ahearne
|
0-0: Ball 1-0: Ball 2-0: Foul Ball, location: 2F 2-1: Ball 3-1: Foul Ball, location: 2F 3-2: Base on Balls Tony Morales to second
|
|
Batting: RHB Omar Solis
|
0-0: Ball 1-0: Foul Ball, location: 2F 1-1: Called Strike 1-2: Foul Ball, location: 2F 1-2: Strikes out swinging
|
|
Pinch Hitting: SHB Fernando Jasso
|
0-0: Foul Ball, location: 2F 0-1: DOUBLE (Line Drive, 9LM, EV 93.8 MPH) Tony Morales scores Raghnall Ahearne to third
|
|
Batting: RHB Josh Ruhl
|
0-0: Ball 1-0: Called Strike 1-1: Fly out, F9 (Flyball, 9, EV 88.8 MPH)
|
| Bottom of the 9th over - 1 run, 1 hit, 0 errors, 2 left on base; Quad Cities 10 - Clinton 3 |
|